AoeStats
← lankatt

Socotra

505054903Analyzed
3v3 RM · 24d ago on Sep 7, 2026· 35m 32s· 6 players
Game mode
Random Map
Map size
128×128
Population
200
Speed
Normal
Resources
Standard
Victory
Conquest
Starting age
Dark Age
Ending age
Imperial Age
RankedLock teamsTeams togetherTeam positionsShared explorationLock speedFull tech treeHidden civsTurbo modeCheats
Victory
Defeat
🇪🇸 Franks · Spain
1185
+10
🇪🇸 Bulgarians · Spain
1141
+11
🇪🇸 Celts · Spain
955
+19
🇸🇪 Mongols · Sweden
1056
-14
🇸🇪 Lithuanians · Sweden
1042
-14
🇸🇪 Slavs · Sweden
1006
-12
zuccer
7:09 Loom
9:21 Feudal Age
10:11 Double-Bit Axe
13:13 Horse Collar
21:30 Castle Age
20:39 Forging
21:16 Scale Barding Armor
21:45 Bloodlines
22:57 Iron Casting
23:50 Heavy Plow
24:02 Bow Saw
25:21 Wheelbarrow
27:01 Husbandry
27:39 Pikeman
28:20 Squires
31:08 Chain Barding Armor
lankatt
6:33 Loom
13:38 Feudal Age
14:38 Double-Bit Axe
14:36 Horse Collar
18:53 Man-at-Arms
23:35 Castle Age
22:33 Forging
22:27 Scale Mail Armor
23:43 Pikeman
24:23 Squires
24:51 Chain Mail Armor
29:12 Long Swordsman
31:15 Detinets
31:11 Fletching
34:17 Iron Casting
34:43 Gold Mining
Danne
6:11 Loom
11:17 Feudal Age
24:25 Castle Age
25:54 Forging
GZ Makoy
5:53 Loom
11:07 Feudal Age
13:25 Double-Bit Axe
19:59 Wheelbarrow
21:35 Horse Collar
21:59 Town Watch
25:40 Castle Age
28:13 Hand Cart
28:13 Pikeman
29:01 Husbandry
29:13 Bloodlines
29:53 Gold Mining
33:02 Scale Barding Armor
33:08 Forging
32:59 Scale Mail Armor
34:02 Squires
33:56 Gambesons
Bueno, voume pa casa lo
7:51 Loom
10:53 Feudal Age
12:03 Double-Bit Axe
12:32 Horse Collar
14:00 Town Watch
17:44 Wheelbarrow
18:45 Scale Barding Armor
22:06 Castle Age
20:48 Forging
20:50 Gold Mining
24:18 Husbandry
25:02 Chain Barding Armor
27:58 Hand Cart
28:23 Gold Shaft Mining
29:05 Iron Casting
34:02 Town Patrol
35:17 Scale Mail Armor
GZ SIMAO
6:57 Loom
9:03 Feudal Age
10:21 Double-Bit Axe
12:38 Town Watch
14:36 Fletching
17:51 Wheelbarrow
21:22 Castle Age
20:26 Gold Mining
20:45 Scale Barding Armor
21:23 Forging
23:42 Husbandry
24:35 Chain Barding Armor
29:35 Fervor
29:45 Sanctity
29:47 Bodkin Arrow
36:06 Imperial Age
Connection lost

Rejoining the realm…

Still unreachable

The connection could not be restored.

Session expired

The server has moved on; the page needs a fresh start.